 Dungeon Crawl Stone Soup version 0.30-a0-509-gd016549fea (webtiles) character file.

Game seed: 10373699183163049598

58 Jase the Vexing (level 4, -14/34 HPs)
             Began as a Gnoll Hexslinger on Dec 23, 2022.
             Demolished by a gnoll
             ... wielding a +2 whip of electrocution
              (16 damage)
             ... on level 2 of the Dungeon.
             The game lasted 00:04:35 (1168 turns).

Jase the Vexing (Gnoll Hexslinger)                  Turns: 1168, Time: 00:04:35

Health: -14/34     AC:  3    Str:  9    XL:     4   Next: 2%
Magic:  8/8        EV: 13    Int: 14    God:
Gold:   37         SH:  0    Dex: 13    Spells: 1/8 levels left

rFire   . . .      SeeInvis .    a - +1 sling
rCold   . . .      Faith    .    (no shield)
rNeg    . . .      Spirit   .    c - +0 robe
rPois   .          Reflect  .    (no helmet)
rElec   .          Harm     .    (no cloak)
rCorr   .          Rampage  .    (no gloves)
Will    .....                    l - +0 pair of boots
Stlth   ++........               (no amulet)
HPRegen 0.25/turn                (no ring)
MPRegen 0.11/turn                (no ring)

@: no status effects
A: fangs 1, strong nose, distributed training
a: no special abilities


You were on level 2 of the Dungeon.
You visited 1 branch of the dungeon, and saw 2 of its levels.

You collected 37 gold pieces.

Inventory:

Hand Weapons
 a - a +1 sling (weapon)
Armour
 c - a +0 robe (worn)
 l - a +0 pair of boots (worn)
Scrolls
 b - 2 scrolls of poison
 f - a scroll of summoning {unknown}
 h - 3 scrolls of identify {unknown}
 i - a scroll of blinking {unknown}
 k - a scroll of enchant armour {unknown}
Potions
 d - a potion of attraction {unknown}
 e - 2 potions of curing {unknown}
 g - a potion of mutation {unknown}
 j - a potion of heal wounds {unknown}


   Skills:
 + Level 2.7 Fighting
 + Level 1.0 Short Blades
 + Level 1.0 Long Blades
 + Level 1.0 Axes
 + Level 1.0 Maces & Flails
 + Level 1.0 Polearms
 + Level 1.0 Staves
 + Level 4.6 Ranged Weapons
 + Level 1.0 Throwing
 + Level 1.0 Armour
 + Level 4.6 Dodging
 + Level 1.0 Stealth
 + Level 1.0 Shields
 + Level 1.0 Unarmed Combat
 + Level 2.9 Spellcasting
 + Level 0.8 Conjurations
 + Level 5.4 Hexes
 + Level 0.8 Summonings
 + Level 0.8 Necromancy
 + Level 0.8 Translocations
 + Level 0.8 Transmutations
 + Level 0.8 Fire Magic
 + Level 0.8 Ice Magic
 + Level 0.8 Air Magic
 + Level 0.8 Earth Magic
 + Level 0.8 Poison Magic
 + Level 1.1 Invocations
 + Level 1.0 Evocations


You had one spell level left.
You knew the following spells:

 Your Spells              Type           Power      Damage    Failure   Level
a - Slow                  Hex            68%        N/A       2%          1
b - Portal Projectile     Hex/Tloc       20%        N/A       19%         3
c - Inner Flame           Hex/Fire       10%        N/A       19%         3

Your spell library contained the following spells:

 Spells                   Type           Power      Damage    Failure   Level
 Cause Fear               Hex            8%         N/A       22%         4


Dungeon Overview and Level Annotations

Branches:
Dungeon (2/15)

Altars:

Shops:
D:1 [=((


Innate Abilities, Weirdness & Mutations

You have very sharp teeth.
Your uncanny sense of smell can sniff out nearby items.
Your experience applies equally to all skills.


Message History

Aim: a rat (slow, 59% to hit)
You shoot a sling bullet. The sling bullet hits the rat.
The rat is heavily wounded.
You hear a shout!
The rat barely misses you.
A gnoll comes into view. It is wielding a +0 club.
Fire: a) +1 sling
Press: ? - help, Q - select action, (/) - cycle Shift-Dir - straight line, f/p - rat
Aim: a rat (heavily wounded, slow, 59% to hit)
You shoot a sling bullet. The sling bullet hits the rat.
You kill the rat!
Fire: a) +1 sling
Press: ? - help, Q - select action, (/) - cycle Shift-Dir - straight line, f - gnoll
Aim: a gnoll, wielding a +2 whip of electrocution (moderately wounded, 63% to hit)
You shoot a sling bullet. The sling bullet hits the gnoll.
The gnoll is heavily wounded.
The gnoll closely misses you.
Fire: a) +1 sling
Press: ? - help, Q - select action, (/) - cycle Shift-Dir - straight line, f/p - gnoll
Aim: a gnoll, wielding a +2 whip of electrocution (heavily wounded, 63% to hit)
You shoot a sling bullet.
The sling bullet barely misses the gnoll.
The sling bullet hits the worm.
The worm is moderately wounded.
The gnoll hits you with a +2 whip of electrocution!
* * * LOW HITPOINT WARNING * * *
A hobgoblin comes into view.
Fire: a) +1 sling
Press: ? - help, Q - select action, (/) - cycle Shift-Dir - straight line, f/p - gnoll
Aim: a gnoll, wielding a +2 whip of electrocution (heavily wounded, 63% to hit)
You shoot a sling bullet.
The sling bullet closely misses the gnoll.
The sling bullet barely misses the worm.
The sling bullet hits the gnoll.
The gnoll is lightly wounded.
A gnoll comes into view. It is wielding a +0 flail.
The gnoll hits you with a +2 whip of electrocution!
* * * LOW HITPOINT WARNING * * *
You are electrocuted!
You die...

..# #.# ......#
##########.# .......
........##.# w.)....
#######.##.# .......
#.##.# .......
#.##.## ......#
#.#...########g.g...#
#.........@gwg.?.....
###.^.########.#.##..
##.## .# #.# .# #.#
.# #.# .# ### #.# .#
..# #.# #. #.# #.#


You could see a worm, 3 gnolls and a hobgoblin.

Vanquished Creatures
  3 adders (D:2)
  An ufetubus (D:2)
  3 endoplasms
  A giant cockroach (D:1)
  2 goblins
  2 hobgoblins (D:1)
  4 jackals (D:1)
  A quokka (D:1)
  A ball python (D:2)
  7 kobolds (D:1)
  2 rats
27 creatures vanquished.

Notes
Turn   | Place    | Note
-------+----------+-------------------------------------------
     0 | D:1      | Jase the Gnoll Hexslinger began the quest for the Orb.
     0 | D:1      | Reached XP level 1. HP: 17/17 MP: 4/4
    53 | D:1      | Found Nicimo's Antique Weapon Emporium.
    69 | D:1      | Reached XP level 2. HP: 23/23 MP: 5/5
    69 | D:1      | Found Omigeqy's Antique Weapon Shop.
   133 | D:1      | Found Gublid's Jewellery Shop.
   330 | D:1      | You fall into a shaft and drop 1 floor!
   477 | D:1      | Found Qacon's Armour Shop.
   841 | D:2      | Reached XP level 3. HP: 28/28 MP: 7/7
   845 | D:2      | Learned a level 3 spell: Portal Projectile
   849 | D:2      | Learned a level 3 spell: Inner Flame
   985 | D:2      | Reached skill level 1 in Invocations
  1151 | D:2      | Reached skill level 1 in Short Blades
  1151 | D:2      | Reached skill level 1 in Long Blades
  1151 | D:2      | Reached skill level 1 in Axes
  1151 | D:2      | Reached skill level 1 in Maces & Flails
  1151 | D:2      | Reached skill level 1 in Polearms
  1151 | D:2      | Reached skill level 1 in Staves
  1151 | D:2      | Reached skill level 1 in Throwing
  1151 | D:2      | Reached skill level 1 in Armour
  1151 | D:2      | Reached skill level 1 in Stealth
  1151 | D:2      | Reached skill level 1 in Shields
  1151 | D:2      | Reached skill level 1 in Unarmed Combat
  1151 | D:2      | Reached skill level 1 in Evocations
  1160 | D:2      | Reached XP level 4. HP: 19/34 MP: 8/8
  1168 | D:2      | Demolished by a gnoll

Illustrated notes

Levels and vault maps discovered:
D:1:      saegor_arrival_fortress, layout_basic, serial_shops, shop_statue,
          nicolae_shop_crystal, shop_statue, nicolae_lakefront_shop
D:2:      layout_loops_ring

Skill      XL: |  1  2  3 |
---------------+----------+-----
Invocations    | 1 |  1.1
Short Blades   | 1 |  1.0
Long Blades    | 1 |  1.0
Axes           | 1 |  1.0
Maces & Flails | 1 |  1.0
Polearms       | 1 |  1.0
Staves         | 1 |  1.0
Throwing       | 1 |  1.0
Armour         | 1 |  1.0
Stealth        | 1 |  1.0
Shields        | 1 |  1.0
Unarmed Combat | 1 |  1.0
Evocations     | 1 |  1.0
Fighting       | |  2.7
Ranged Weapons | |  4.6
Dodging        | |  4.6
Spellcasting   | |  2.9
Conjurations   | |  0.8
Hexes          | |  5.4
Summonings     | |  0.8
Necromancy     | |  0.8
Translocations | |  0.8
Transmutations | |  0.8
Fire Magic     | |  0.8
Ice Magic      | |  0.8
Air Magic      | |  0.8
Earth Magic    | |  0.8
Poison Magic   | |  0.8

Action                   |  1- 3 |  4- 6 || total
-------------------------+-------+-------++-------
 Fire: Sling             |    71 |     8 ||    79
 Cast: Slow              |     1 |     1 ||     2
Armor: Robe              |     4 |     1 ||     5
Dodge: Dodged            |     4 |     4 ||     8

Table legend: (Time is in decaauts)
 A = Elapsed time spent in this place.
 B = Non-inter-level travel time spent in this place.
 C = Inter-level travel time spent in this place.
 D = Time resting spent in this place.
 E = Time spent auto-exploring this place.
 F = Levels seen in this place.
 G = Mean time per level.
                   A        B        C        D        E       F      G
               +--------+--------+--------+--------+--------+-----+--------+
         Total |   1182 |   1153 |     29 |      0 |    985 |   2 |  591.0 |
       Dungeon |   1182 |   1153 |     29 |      0 |    985 |   2 |  591.0 |
               +--------+--------+--------+--------+--------+-----+--------+

Top non-repeatable levels by time:
     D:1: 728 daAuts
     D:2: 454 daAuts
